 Dungeon Crawl Stone Soup version 0.19.1-1-g22dce08 (webtiles) character file.

60 Jerry the Charmwright (level 3, 0/29 HPs)
             Began as a Demigod Skald on Jan 2, 2017.
             Slain by an adder (5 damage)
             ... on level 2 of the Dungeon.
             The game lasted 00:04:38 (1649 turns).

Jerry the Charmwright (Demigod Skald)               Turns: 1649, Time: 00:04:38

Health: 0/29       AC:  3    Str: 15    XL:     3   Next: 57%
Magic:  1/9        EV: 12    Int: 18    God:
Gold:   52         SH:  0    Dex: 15    Spells: 2 memorised, 2 levels left

rFire  x . .     SeeInvis .     a - +0 falchion
rCold  + . .     Gourm    .     b - +0 leather armour
rNeg   . . .     Faith    .     (no shield)
rPois  .         Spirit   .     (no helmet)
rElec  .         Reflect  .     (no cloak)
rCorr  .         Harm     .     (no gloves)
MR     .....                    (no boots)
Stlth  +.........               k - amulet of regeneration
                                (no ring)
                                g - ring of ice

@: lethally poisoned (0 -> 0), infused (expiring)
A: high mp 1
a: no special abilities


You were on level 2 of the Dungeon.
You were hungry.

You visited 1 branch of the dungeon, and saw 2 of its levels.

You collected 52 gold pieces.

Inventory:

Hand Weapons
 a - a +0 falchion (weapon)
Armour
 b - a +0 leather armour (worn)
Jewellery
 g - a ring of ice (left hand)
 k - an amulet of regeneration (around neck)
Scrolls
 e - 2 scrolls of remove curse {unknown}
 f - a scroll of identify
 h - 2 scrolls of blinking {unknown}
 i - a scroll of recharging {unknown}
 j - a scroll of teleportation {unknown}
 n - a scroll of amnesia {unknown}
Potions
 l - a potion of lignification
 m - 2 potions of haste {unknown}
 o - a potion of heal wounds {unknown}
 q - a potion of invisibility {unknown}
 r - a potion of mutation {unknown}
 t - a potion of cure mutation {unknown}
Books
 c - a book of Battle

   Spells                             Type                      Level
   a - Infusion                       Charms                       1
   b - Shroud of Golubria             Charms/Translocation         2
   c - Song of Slaying                Charms                       2
   d - Spectral Weapon                Hexes/Charms                 3
   e - Regeneration                   Charms/Necromancy            3
Comestibles
 d - a bread ration
 p - a slice of pizza
 s - 2 chunks of flesh


   Skills:
 - Level 1.7 Fighting
 + Level 2.2 Long Blades
 + Level 1.7 Armour
 + Level 1.3 Dodging
 - Level 2.2 Spellcasting
 + Level 3.0 Charms
 + Level 0.5 Necromancy


You had 2 spell levels left.
You knew the following spells:

 Your Spells              Type           Power        Failure   Level  Hunger
a - Infusion              Chrm           ##..         8%          1    #......
b - Regeneration          Chrm/Necr      #.........   34%         3    ###....


Dungeon Overview and Level Annotations

Branches:
Dungeon (2/15)


Innate Abilities, Weirdness & Mutations

You have an increased reservoir of magic. (+10% MP)


Message History

You feel sick. The adder bites you.
You are more poisoned.
The adder poisons you!
You hit the adder.
The adder is heavily wounded.
You feel sick. The adder bites you.
* * * LOW HITPOINT WARNING * * *
The adder bites you.
* * * LOW HITPOINT WARNING * * *
You hit the adder but do no damage.
The adder is heavily wounded.
Your magical infusion is running out.
You feel sick. The adder closely misses you.
Your leather armour prevents you from hitting the adder.
The adder is heavily wounded.
The adder barely misses you. The adder bites you but does no damage.
You hit the adder.
The adder is severely wounded.
You feel sick. The adder bites you.
You die...

# ##### #.. ....## ###
##.###.... ..#
##...##.#.# #.#
#.....#.#.### #.#
########...........###.#
#.....##.....#(#........
#?###.##....##.###.##.##
#.# #.S@.......# #.##.#
#...#####.#.##รท.# #.##.#
#....# #.#.##..###.##.#
#....#####.#>#...........
...#.........#...###.##.#
..#...#####.###..>#
#.##.#. .#... ##
##.###...###....#. ..##.#
#.......<..... (.
#....>........ ##


You could see an adder.

Vanquished Creatures
  An adder (D:2)
  4 worms (D:2)
  2 dart slugs (D:1)
  2 ball pythons
  2 giant cockroaches (D:1)
  3 goblins
  3 hobgoblins
  4 kobolds
  2 quokkas (D:2)
  3 bats
  6 frilled lizards (D:1)
  6 rats
38 creatures vanquished.

Notes
Turn   | Place    | Note
-------+----------+-------------------------------------------
     0 | D:1      | Jerry the Demigod Skald began the quest for the Orb.
     0 | D:1      | Reached XP level 1. HP: 17/17 MP: 5/5
    50 | D:1      | Reached skill level 1 in Armour
    62 | D:1      | Reached skill level 1 in Dodging
   244 | D:1      | Reached XP level 2. HP: 16/24 MP: 7/7
  1086 | D:2      | Reached XP level 3. HP: 23/29 MP: 9/9
  1091 | D:2      | Learned a level 3 spell: Regeneration
  1640 | D:2      | Reached skill level 3 in Charms
  1649 | D:2      | Slain by an adder

Skill      XL: |  1  2  3 |
---------------+----------+-----
Armour         | 1 |  1.7
Dodging        | 1 |  1.3
Spellcasting   | 2 |  2.2
Long Blades    | 2 |  2.2
Charms         | 3 |  3.0
Fighting       | |  1.7
Necromancy     | |  0.5

Action                   || total
-------------------------++-------
Melee: Falchion          ||   139
 Cast: Infusion          ||     3
       Regeneration      ||     1
  Use: Scroll            ||     2
 Stab: Distracted        ||     1
       Sleeping          ||     2
  Eat: Chunk             ||     2
Armor: Leather armour    ||    37
Dodge: Dodged            ||    85
       Rpst.: Falchion   ||    29
